 Dungeon Crawl Stone Soup version 0.29.1-15-g9cfb28693d (webtiles) character file.

Game seed: 8193819929731001371

541 javelincjr the Magician (level 7, -4/52 HPs)
             Began as a Demonspawn Hedge Wizard on Apr 7, 2023.
             Was an Initiate of Sif Muna.
             Killed by nerve-wracking pain
             ... invoked by a shadow imp
              (10 damage)
             ... on level 5 of the Dungeon.
             The game lasted 00:12:50 (4410 turns).

javelincjr the Magician (Demonspawn Hedge Wizard)   Turns: 4410, Time: 00:12:51

Health: -4/52      AC:  9    Str: 11 (12) XL:     7   Next: 5%
Magic:  1/13       EV: 12    Int: 22      God:    Sif Muna [......]
Gold:   236        SH:  0    Dex: 12      Spells: 9/14 levels left

rFire   . . .      SeeInvis .   z - +1 mace (drain)
rCold   . . .      Faith    .   (no shield)
rNeg    . . .      Spirit   .   b - +0 robe
rPois   .          Reflect  .   c - +0 hat
rElec   .          Harm     .   (cloak unavailable)
rCorr   .          Rampage  .   x - +0 pair of gloves
Will    .....                   (no boots)
Stlth   ++........              (no amulet)
HPRegen 0.17/turn               r - +4 ring of protection
MPRegen 0.13/turn               j - +6 ring of intelligence

@: brilliant, on blink cooldown
A: molten scales 1, weakness stinger 3, deterioration 1
a: Renounce Religion


You were on level 5 of the Dungeon.
You worshipped Sif Muna.
Sif Muna was noncommittal.
You visited 1 branch of the dungeon, and saw 6 of its levels.

You collected 236 gold pieces.

Inventory:

Hand Weapons
 a - a +0 dagger
 s - a +0 short sword of draining
 z - a +1 mace of draining (weapon)
Missiles
 e - 4 atropa-tipped darts
Armour
 b - a +0 robe (worn)
 c - a +0 hat (worn)
 x - a +0 pair of gloves (worn)
Magical Staves
 o - a staff of poison
Jewellery
 g - a ring of ice
 j - a +6 ring of intelligence (right hand)
 r - a +4 ring of protection (left hand)
Scrolls
 h - a scroll of summoning {unknown}
 i - a scroll of teleportation {unknown}
 n - 2 scrolls of fear {unknown}
 p - a scroll of torment {unknown}
 t - a scroll of noise {unknown}
 u - a scroll of amnesia {unknown}
 y - a scroll of fog {unknown}
Potions
 d - a potion of magic
 f - a potion of mutation
 k - a potion of brilliance
 l - a potion of lignification {unknown}
 m - 2 potions of might {unknown}
 q - a potion of ambrosia {unknown}
 v - a potion of heal wounds {unknown}
 w - a potion of curing {unknown}


   Skills:
 * Level 3.2 Fighting
 + Level 2.0 Armour
 + Level 2.8 Dodging
 - Level 1.7 Stealth
 * Level 4.4 Spellcasting
 + Level 2.4 Conjurations
 + Level 2.4 Summonings
 + Level 2.2 Translocations


You had 9 spell levels left.
You knew the following spells:

 Your Spells              Type           Power      Damage    Failure   Level
a - Magic Dart            Conj           92%        1d7       4%          1
b - Call Imp              Summ           23%        N/A       6%          2
c - Blink                 Tloc           44%        N/A       6%          2

Your spell library contained the following spells:

 Spells                   Type           Power      Damage    Failure   Level
 Slow                     Hex            28%        N/A       11%         1
 Conjure Flame            Conj/Fire      15%        6-21      19%         3
 Dazzling Flash           Conj/Hex       30%        N/A       19%         3
 Mephitic Cloud           Conj/Pois/Air  12%        N/A       22%         3
 Iskenderun's Battlesphe  Conj           23%        2d8       73%         5
 Agony                    Necr           7%         N/A       96%         5
 Silence                  Hex/Air        3%         N/A       96%         5
 Iron Shot                Conj/Erth      7%         9d2       100%        6
 Spellforged Servitor     Conj/Summ      11%        N/A       100%        7


Dungeon Overview and Level Annotations

Branches:
Dungeon (6/15)
 Temple: D:4-7

Altars:
Ashenzari
Nemelex Xobeh
Sif Muna


Innate Abilities, Weirdness & Mutations

You are partially covered in molten scales. (AC +2)
You have a sharp stinger which inflicts weakening toxins.
Your body sometimes deteriorates upon taking damage.


Message History

The orc is severely wounded.
You feel stable enough to blink again. The orc barely misses you.
You hit the orc.
You kill the orc!
Sif Muna accepts your kill.
The orc warrior hits you with a +0 long sword.
The shadow imp summons a swarm of flies.
You closely miss the orc warrior.
The orc warrior is moderately wounded.
The orc warrior hits you with a +0 long sword.
The shadow imp completely misses you.
The orc warrior hits you with a +0 long sword!
The shadow imp closely misses you.
Your crimson imp blinks!
You see here a +0 ring mail.
The orc warrior attacks as you move away!
The orc warrior completely misses you.
The shadow imp attacks as you move away!
The shadow imp closely misses you.
Your crimson imp misses the orc warrior.
Your crimson imp barely misses the orc warrior.
The shadow imp attacks as you move away!
The shadow imp barely misses you.
The orc warrior attacks as you move away!
The orc warrior hits you with a +0 long sword!
* * * LOW HITPOINT WARNING * * *
It was a potion of brilliance.
You feel clever all of a sudden.
Your crimson imp hits the shadow imp but does no damage.
The orc warrior hits you with a +0 long sword.
* * * LOW HITPOINT WARNING * * *
The shadow imp barely misses you.
Casting: Magic Dart (safe; 4% risk of failure)
Confirm with . or Enter, or press ? or * to list all spells.
You feel a surge of power!
You blink.
Your crimson imp hits the shadow imp but does no damage.
The shadow imp gestures at you. Pain shoots through your body!
You die...

.....###...............
##....###...............
##...# #.ยง5............
#...####.5............
##...###.o............
#.................... #
##....................
###....######...........
.#.....# #....@.......
......## #............
......#
#...##............ #
......# #..#
##........... #. ......#
#... #.......... #..
#......# #..# #.....
..###... ##.........#
..#.. ..#.... #.......
...####....# . #......
...........##.


You could see an orc warrior, a shadow imp (ally target) and a friendly crimson
imp (summoned).

Vanquished Creatures
  An ogre (D:4)
  A scorpion (D:4)
  2 hounds
  A jelly (D:4)
  Natasha (D:2)
  3 adders
  3 dart slugs
  4 orcs (D:5)
  4 endoplasms
  5 giant cockroaches
  5 goblins
  3 hobgoblins
  8 jackals
  4 kobolds
  4 quokkas
  6 ball pythons
  4 bats
  4 rats (D:1)
63 creatures vanquished.

Vanquished Creatures (collateral kills)
  A necrophage (D:5)
  Natasha (twice) (D:2)
  An iguana (D:4)
  4 adders
  A worm (D:4)
  A bat (D:2)
  A hobgoblin (D:2)
  A quokka (D:2)
12 creatures vanquished.

Grand Total: 75 creatures vanquished

Notes
Turn   | Place    | Note
-------+----------+-------------------------------------------
     0 | D:1      | javelincjr the Demonspawn Hedge Wizard began the quest for
                  | the Orb.
     0 | D:1      | Reached XP level 1. HP: 13/13 MP: 4/4
   320 | D:1      | Reached skill level 1 in Translocations
   418 | D:1      | Gained mutation: You have a small tail. [demonic ancestry]
   418 | D:1      | Reached XP level 2. HP: 20/20 MP: 0/6
   938 | D:1      | Reached skill level 1 in Fighting
  1260 | D:2      | Noticed Natasha
  1271 | D:2      | Killed Natasha
  1272 | D:2      | Reached XP level 3. HP: 19/26 MP: 1/7
  1275 | D:2      | Learned a level 2 spell: Call Imp
  1278 | D:2      | Learned a level 2 spell: Blink
  1320 | D:2      | Noticed Natasha
  1641 | D:2      | Gained mutation: You have a tail ending in a sharp stinger.
                  | [demonic ancestry]
  1641 | D:2      | Reached XP level 4. HP: 32/32 MP: 3/9
  1795 | D:2      | Reached skill level 1 in Armour
  2027 | D:2      | Killed Natasha
  2090 | D:2      | Found a sparkling altar of Nemelex Xobeh.
  2370 | D:2      | Noticed Natasha
  2376 | D:2      | Killed Natasha
  2377 | D:2      | Reached XP level 5. HP: 37/38 MP: 3/10
  2534 | D:3      | You fall into a shaft and drop 3 floors!
  2572 | D:5      | Entered Level 5 of the Dungeon
  3065 | D:4      | Gained mutation: Your body sometimes deteriorates upon
                  | taking damage. [potion of mutation]
  3065 | D:4      | Gained mutation: You possess an exceptional clarity of
                  | mind. [potion of mutation]
  3065 | D:4      | Lost mutation: You possess an exceptional clarity of mind.
                  | [potion of mutation]
  3067 | D:4      | Reached skill level 4 in Spellcasting
  3067 | D:4      | Gained mutation: You are partially covered in molten
                  | scales. (AC +2) [demonic ancestry]
  3067 | D:4      | Reached XP level 6. HP: 9/46 MP: 7/12
  3412 | D:4      | Found a shimmering blue altar of Sif Muna.
  3413 | D:4      | Found a broken altar of Ashenzari.
  3417 | D:4      | Became a worshipper of Sif Muna the Loreminder
  4256 | D:5      | Gained mutation: You have a sharp stinger which inflicts
                  | weakening toxins. [demonic ancestry]
  4256 | D:5      | Reached XP level 7. HP: 50/52 MP: 6/13
  4410 | D:5      | Killed from afar by a shadow imp

Illustrated notes

Levels and vault maps discovered:
D:1:      saegor_arrival_miasma, layout_rooms, serial_curves, eino_curves_04,
          eino_curves_02, eino_curves_03, eino_curves_03,
          chequers_serial_rivers_marsh, minmay_misc_feat_alley
D:2:      layout_loops_ring, basic_altar, uniq_natasha
D:3:      cheibrodos_pilgrimage, layout_basic, nicolae_overflow_hidden_temple,
          uniq_ijyb, uniq_sigmund
D:4:      layout_basic, jmf_multi_god_temple, nicolae_titane
D:5:      layout_layer_cave
D:6:      layout_basic, minmay_temple_entry_sparse_star, serial_shops,
          shop_statue

Skill      XL: |  1  2  3  4  5  6 |
---------------+-------------------+-----
Translocations | 1 2 |  2.2
Fighting       | 1 2 3 |  3.2
Dodging        | 2 |  2.8
Armour         | 1 2 |  2.0
Conjurations   | 2 |  2.4
Spellcasting   | 4 |  4.4
Summonings     | 2 |  2.4
Stealth        | |  1.7

Action                   |  1- 3 |  4- 6 |  7- 9 || total
-------------------------+-------+-------+-------++-------
Melee: Dagger            |    32 |    11 |       ||    43
       Tailslap          |     5 |     9 |       ||    14
       Short sword       |       |    49 |       ||    49
       Mace              |       |     3 |     9 ||    12
 Cast: Magic Dart        |    79 |    77 |    14 ||   170
       Call Imp          |       |    15 |     1 ||    16
       Blink             |       |     3 |     2 ||     5
  Use: Potion            |       |     1 |     1 ||     2
Armor: Robe              |     6 |    27 |     4 ||    37
Dodge: Dodged            |    32 |    56 |    10 ||    98
